Map: Echo LE (Void)

Players

CranK

  • Race: Protoss Protoss

Neuro - Winner!

  • Race: Zerg Zerg

VOD

http://www.twitch.tv/neurostarcraft/v/3984988

Description

Time

  • Played on: April 3, 2015, 7:58 p.m.
  • Length: 5:46
Show
View Real Time Build Order
Export as new Build Order

CranK Protoss 

Build Orders: Nexus First, Oracle Opening, Void Rays 

Get SALT Encoding   

  12  0:02  Probe  
  13  0:14  Pylon  
  13  0:16  Probe  
  14  0:32  Probe (Chrono Boost)  
  16  0:43  Probe (Chrono Boost)  
  16  0:49  Probe  
  17  1:01  Probe (Chrono Boost)  
  17  1:02  Nexus  
  18  1:14  Probe (Chrono Boost)  
  18  1:16  Gateway  
  19  1:22  Probe (Chrono Boost)  
  20  1:25  Pylon  
  20  1:31  Probe  
  21  1:37  Assimilator  
  21  1:39  Assimilator  
  21  1:43  Probe (Chrono Boost)  
  23  1:54  Probe (Chrono Boost)  
  23  2:01  Probe (Chrono Boost)  
  24  2:03  Cybernetics Core  
  24  2:12  Probe (Chrono Boost)  
  27  2:23  Probe (Chrono Boost)  
  27  2:24  Probe (Chrono Boost)  
  27  2:29  Zealot  
  30  2:30  Probe x2 (Chrono Boost)  
  31  2:40  Warp Gate  
  31  2:41  Probe  
  31  2:42  Probe  
  33  2:47  Pylon  
  33  2:53  Probe (Chrono Boost)  
  33  2:54  Probe (Chrono Boost)  
  35  2:59  Sentry  
  35  3:04  Probe x2 (Chrono Boost)  
  39  3:06  Forge  
  39  3:09  Stargate  
  39  3:11  Probe (Chrono Boost)  
  41  3:13  Probe (Chrono Boost)  
  41  3:25  Mothership Core (Chrono Boost), Probe (Chrono Boost)  
  44  3:29  Assimilator  
  44  3:31  Assimilator  
  44  3:33  Probe (Chrono Boost), Pylon  
  45  3:37  Probe (Chrono Boost)  
  45  3:39  Photon Cannon  
  45  3:40  Probe  
  45  3:41  Pylon  
  47  3:44  Protoss Ground Weapons Level 1  
  47  3:50  Probe (Chrono Boost)  
  47  3:52  Probe (Chrono Boost)  
  49  4:01  Probe (Chrono Boost)  
  51  4:03  Probe (Chrono Boost)  
  51  4:07  Probe (Chrono Boost)  
  51  4:09  Probe  
  53  4:10  Oracle (Chrono Boost)  
  53  4:11  Nexus  
  56  4:30  Pylon  
  56  4:33  Probe x2  
  58  4:45  Probe x2, Void Ray (Chrono Boost)  
  63  4:47  Pylon  
  63  4:48  Zealot  
  64  5:03  Gateway  
  64  5:05  Gateway  
  64  5:06  Pylon  
  64  5:13  Void Ray (Chrono Boost)  
  62  5:17  Photon Cannon  
  51  5:31  Zealot  
Show
View Real Time Build Order
Export as new Build Order

Neuro Zerg - Winner!

Build Orders: Hatch First, Ravager Aggression, Roach Nydus 

Get SALT Encoding   

  12  0:02  Drone  
  13  0:15  Overlord  
  13  0:20  Drone  
  14  0:33  Drone x2  
  16  0:38  Drone  
  17  0:52  Hatchery  
  17  0:55  Drone  
  17  1:09  Spawning Pool  
  16  1:12  Drone  
  16  1:15  Drone  
  18  1:21  Drone  
  19  1:31  Drone  
  20  1:34  Extractor  
  19  1:44  Drone  
  20  1:52  Drone  
  21  2:03  Queen  
  21  2:05  Queen  
  25  2:11  Overlord  
  25  2:13  Drone x2  
  27  2:23  Hatchery  
  27  2:27  Drone x2  
  28  2:31  Drone  
  29  2:40  Drone x2  
  29  2:43  Lair  
  31  2:50  Drone x2  
  33  2:57  Overlord  
  33  2:58  Drone  
  33  3:03  Extractor  
  33  3:05  Extractor  
  33  3:06  Roach Warren  
  33  3:10  Drone x2  
  33  3:11  Queen  
  36  3:15  Drone x3  
  36  3:16  Drone x2  
  41  3:21  Drone x2  
  41  3:22  Drone  
  44  3:29  Overlord  
  44  3:45  Nydus Network  
  44  3:46  Drone  
  44  3:47  Drone x3  
  47  3:53  Overlord  
  47  3:54  Overlord  
  47  3:56  Queen  
  47  4:00  Roach  
  51  4:04  Glial Reconstitution  
  51  4:12  Roach x4  
  59  4:17  Queen  
  59  4:20  Zergling x4  
  63  4:29  Nydus Canal  
  63  4:35  Roach x2  
  63  4:37  Overlord x2  
  67  4:53  Spine Crawler  
  67  4:55  Roach  
  67  4:56  Roach x5  
  77  5:03  Ravager  
  78  5:16  Ravager  
Tags
 
Add a new tag
Caveats
  • Supply blocks, unpowered buildings, or Contaminate may cause inaccurate times.
  • Supply counts are checked every 10 seconds.